 Dungeon Crawl Stone Soup version 0.19.5 (webtiles) character file.

53 tidbits the Skirmisher (level 3, 22/29 HPs)
             Began as a High Elf Wanderer on Oct 28, 2017.
             Quit the game on level 4 of the Dungeon.
             The game lasted 00:07:07 (792 turns).

tidbits the Skirmisher (High Elf Wanderer)           Turns: 792, Time: 00:07:08

Health: 22/29      AC:  7    Str: 12    XL:     3   Next: 62%
Magic:  4/4        EV:  8    Int: 19    God:
Gold:   54         SH:  0    Dex: 11    Spells: 0 memorised, 2 levels left

rFire  . . .     SeeInvis .     n - -2 war axe (curse)
rCold  . . .     Gourm    .     d - +2 scale mail
rNeg   . . .     Faith    .     (no shield)
rPois  .         Spirit   .     (no helmet)
rElec  .         Reflect  .     C - -2 cloak (curse)
rCorr  .         Harm     .     (no gloves)
MR     .....                    (no boots)
Stlth  ..........               (no amulet)
                                (no ring)
                                (no ring)

@: very slightly contaminated, hasted, very quick
A: no striking features
a: no special abilities


You were on level 4 of the Dungeon.
You were not hungry.

You visited 1 branch of the dungeon, and saw 5 of its levels.

You collected 54 gold pieces.

Inventory:

Hand Weapons
 a - a +0 spear
 b - a +0 shortbow
 m - a +0 short sword
   (You found it on level 3 of the Dungeon)
 n - a cursed -2 war axe (weapon)
   (You found it on level 4 of the Dungeon)
Armour
 d - a +2 scale mail (worn)
 C - a cursed -2 cloak (worn)
   (You found it on level 2 of the Dungeon)
Scrolls
 i - 2 scrolls of identify
 j - a scroll of noise {unknown}
 o - a scroll of remove curse {unknown}
Potions
 e - a potion of degeneration
Comestibles
 f - 5 bread rations


   Skills:
 - Level 5.0 Fighting
 - Level 1.5 Polearms
 - Level 4.2 Bows
 - Level 1.0 Armour
 + Level 0.4 Dodging
 - Level 1.1 Stealth
   Level 1.0 Evocations


You had 2 spell levels left.
You didn't know any spells.

Dungeon Overview and Level Annotations

Branches:
Dungeon (5/15)
 Temple: D:4-7

Altars:
Qazlal
Vehumet

Shops:
D:4 %

Annotations:
D:4 exclusion: statue, Monsterracer's ghost, amateur HECj


Message History

The leopard gecko hisses angrily.
Found 11 gold pieces.
Attack whom?
Press: ? - help, Dir - move target cursor, f - leopard gecko
Aim: a leopard gecko (clinging)
You reach to attack!
You hit the leopard gecko.
The leopard gecko is severely wounded.
You hit the leopard gecko.
You kill the leopard gecko!
You see here a leopard gecko corpse.
You now have 54 gold pieces (gained 11).
Found a robe.
Found 8 stones.
You see here 8 stones.
There is an open door here.
Monsterracer's ghost (amateur High Elf Conjurer) comes into view.
Monsterracer's ghost turns its malevolent gaze towards you.
As you read the scroll labeled DYOHUM WUETH, it crumbles to dust.
It is a scroll of identify.
e - a potion of degeneration Monsterracer's ghost gestures at you while chanting.
The orb of energy hits you!
Ouch! That really hurt!
* * * LOW HITPOINT WARNING * * *
The orb of energy explodes!
You hear an angry hiss.
There is an open door here.
You close the door.
Okay, then.
As you read the scroll of identify, it crumbles to dust.
g - a potion of curing It was a potion of heal wounds.
You feel much better.
It was a potion of haste.
You feel yourself speed up.
You are very lightly contaminated with residual magic.
Okay, then.
Wield which item (- for none, * to show all)? (? for menu, Esc to quit)
Okay, then.
Something unseen opens the door.
b - a +0 shortbow (weapon)
Okay, then.
Firing (i - inventory):
c - 8 arrows (quivered)
Press: ? - help, Shift-Dir - straight line, f - Monsterracer's ghost
Aim: Monsterracer's ghost You shoot an arrow.
The arrow barely misses Monsterracer's ghost.
You hear an angry hiss.
Firing (i - inventory):
c - 7 arrows (quivered)
Press: ? - help, Shift-Dir - straight line, f/p - Monsterracer's ghost
Aim: Monsterracer's ghost You shoot an arrow.
The arrow barely misses Monsterracer's ghost.
A leopard gecko comes into view.
Firing (i - inventory):
c - 6 arrows (quivered)
Press: ? - help, Shift-Dir - straight line, f - leopard gecko, p - Monsterracer's ghost
Aim: a leopard gecko (clinging)
You shoot an arrow.
The arrow closely misses Monsterracer's ghost.
The arrow hits the leopard gecko!
You kill the leopard gecko!
Firing (i - inventory):
c - 5 arrows (quivered)
Press: ? - help, Shift-Dir - straight line, f - Monsterracer's ghost
Aim: Monsterracer's ghost You shoot an arrow.
The arrow hits Monsterracer's ghost.
Monsterracer's ghost is lightly damaged.
Monsterracer's ghost closely misses you.
Firing (i - inventory):
c - 4 arrows (quivered)
Press: ? - help, Shift-Dir - straight line, f/p - Monsterracer's ghost
Aim: Monsterracer's ghost (lightly damaged)
You shoot an arrow. The arrow hits Monsterracer's ghost.
Monsterracer's ghost is lightly damaged.
Firing (i - inventory):
c - 3 arrows (quivered)
Press: ? - help, Shift-Dir - straight line, f/p - Monsterracer's ghost
Aim: Monsterracer's ghost (lightly damaged)
You shoot an arrow. The arrow hits Monsterracer's ghost.
Monsterracer's ghost is moderately damaged.
Monsterracer's ghost gestures at you while chanting.
The orb of energy hits you!
The orb of energy explodes!
Firing (i - inventory):
c - 2 arrows (quivered)
Press: ? - help, Shift-Dir - straight line, f/p - Monsterracer's ghost
Aim: Monsterracer's ghost (moderately damaged)
You shoot an arrow.
The arrow barely misses Monsterracer's ghost.
Monsterracer's ghost completely misses you.
Firing (i - inventory):
c - an arrow (quivered)
Press: ? - help, Shift-Dir - straight line, f/p - Monsterracer's ghost
Aim: Monsterracer's ghost (moderately damaged)
You shoot an arrow. The arrow hits Monsterracer's ghost!
Monsterracer's ghost is heavily damaged.
Monsterracer's ghost barely misses you.
You feel better.
Wield which item (- for none, * to show all)? (? for menu, Esc to quit)
It sticks to your hand!
n - a cursed -2 war axe (weapon)
Blink to where?
Press: ? - help, Dir - move target cursor, f - you, p - Monsterracer's ghost Are you sure you want to cancel this blink?
Okay, then.
As you read the scroll labeled SERUWU OJISORUO, it crumbles to dust.
It was a scroll of blinking.
Monsterracer's ghost hits you.
Are you sure you want to abandon this character and quit the game? (Confirm with "yes".)

#..#######
#.............. ##..#
#.####......##... ....#
.........####... .##.#
### ###.....# #... ..#.#
#.# #.....# #... ###.#
#.# #.....# #... ....#
#.# #.....####..[ .. ##
#####.#######.....#......
..#
#(.....W@.........#......
..#
#.###(########....#......
... #........#
#....#...... ...
#........# ######......
### #........# #...... .
#........# ####... .8
#.W......# #### ..
#........# ## ..........#


You could see Monsterracer's ghost.

Vanquished Creatures
  2 adders (D:2)
  A worm (D:2)
  3 leopard geckos
  3 goblins
  3 hobgoblins (D:1)
  4 jackals (D:1)
  3 kobolds
  4 bats
  A frilled lizard (D:2)
  A quokka skeleton (D:4)
  2 rats
27 creatures vanquished.

Notes
Turn   | Place    | Note
-------+----------+-------------------------------------------
     0 | D:1      | tidbits the High Elf Wanderer began the quest for the Orb.
     0 | D:1      | tidbits set off with: a +2 scale mail, a +0 shortbow, 22 arrows, a +0 spear, a bread ration
     0 | D:1      | Reached XP level 1. HP: 18/18 MP: 2/2
    89 | D:1      | Reached skill level 1 in Bows
   212 | D:1      | Reached skill level 2 in Bows
   212 | D:1      | Reached XP level 2. HP: 22/24 MP: 3/3
   397 | D:2      | Reached skill level 3 in Bows
   426 | D:2      | Found a stormy altar of Qazlal.
   456 | D:2      | Reached XP level 3. HP: 25/29 MP: 4/4
   539 | D:2      | Reached skill level 4 in Bows
   685 | D:4      | Found Xorpha's Food Shoppe.
   689 | D:4      | Found a radiant altar of Vehumet.
   689 | D:4      | Noticed a frost-covered statue
   701 | D:5      | Entered Level 5 of the Dungeon
   769 | D:4      | Noticed Monsterracer's ghost (amateur HECj)
   792 | D:4      | Quit the game

Skill      XL: |  1  2  3 |
---------------+----------+-----
Bows           | 2 3 4 |  4.2
Fighting       | |  5.0
Polearms       | |  1.5
Armour         | |  1.0
Dodging        | |  0.4
Stealth        | |  1.1
Evocations     | |  1.0

Action                   || total
-------------------------++-------
Melee: Spear             ||    23
 Fire: Shortbow          ||   117
  Use: Scroll            ||     3
       Potion            ||     3
Armor: Scale mail        ||    64
Dodge: Dodged            ||    48

Table legend:
 A = Turns spent in this place as a percentage of turns spent in the entire game.
 B = Non-inter-level travel turns spent in this place as a percentage of non-inter-level travel turns spent in the entire game.
 C = Inter-level travel turns spent in this place as a percentage of turns spent in this place.
 D = Turns resting spent in this place as a percentage of non-inter-level travel turns spent in this place.
 E = Turns spent auto-exploring this place as a percentage of non-inter-level travel turns spent in this place.
 F = Non-inter-level travel turns spent in this place divided by the number of levels of this place that you've seen.
                   A       B       C       D       E      F
               +-------+-------+-------+-------+-------+----------------------
         Total | 100.0 | 100.0 |   0.0 |   0.0 |   0.0 | 133.6
       Dungeon | 100.0 | 100.0 |   0.0 |   0.0 |   0.0 | 133.6
               +-------+-------+-------+-------+-------+----------------------

Table legend:
 A = Kills in this place as a percentage of kills in entire the game.
 B = Kills by you in this place as a percentage of kills by you in the entire game.
 C = Kills by friends in this place as a percentage of kills by friends in the entire game.
 D = Other kills in this place as a percentage of other kills in the entire game.
 E = Experience gained in this place as a percentage of experience gained in the entire game.
 F = Experience gained in this place divided by the number of levels of this place that you have seen.
                   A       B       C       D       E      F
               +-------+-------+-------+-------+-------+----------------------
         Total | 100.0 | 100.0 |  -nan |  -nan | 100.0 |  15.2
       Dungeon | 100.0 | 100.0 |  -nan |  -nan | 100.0 |  15.2
               +-------+-------+-------+-------+-------+----------------------

Vault maps used:
D:1:      tarquinn_simple_flora_water_d
D:2:      grunt_qazlal_sundering, first_bread
D:3:      minmay_goblin_kobold_castle, uniq_jessica
D:4:      vehumet_statue, serial_shops, shop
D:5:      led_sif_book, serial_shops, shop, uniq_sigmund, uniq_eustachio
